 Dungeon Crawl Stone Soup version 0.26-a0-651-gb41185065b (webtiles) character file.

Game seed: 13988884970867237906

2004 oblongTree the Slinger (level 9, -3/87 HPs)
             Began as a Halfling Hunter on Oct 3, 2020.
             Was a Follower of Ru.
             Slain by a centaur (4 damage)
             ... on level 6 of the Dungeon on Oct 4, 2020.
             The game lasted 01:03:25 (11856 turns).

oblongTree the Slinger (Halfling Hunter)           Turns: 11856, Time: 01:03:25

Health: -3/87      AC: 24    Str: 16    XL:     9   Next: 45%
Magic:  9/9        EV:  3    Int:  9    God:    Ru [*.....]
Gold:   554        SH:  0    Dex: 15    Spells: 8/8 levels left

rFire    . . .     SeeInvis .   a - +2 hunting sling
rCold    . . .     Faith    .   (shield restricted)
rNeg     + + +     Spirit   .   (armour currently unavailable)
rPois    +         Reflect  .   (helmet currently unavailable)
rElec    .         Harm     .   (cloak currently unavailable)
rCorr    .         Rampage  .   (gloves currently unavailable)
MR       .....     NoTele   +   (boots currently unavailable)
Stlth    +++.......             (no amulet)
HPRegen  0.24/turn              (no ring)
MPRegen  0.11/turn              (no ring)

@: lethally poisoned (-3 -> -5), tree-form, stab, very slightly contaminated,
invisible
A: small, mutation resistance 1, hated by all
a: Renounce Religion


You were on level 6 of the Dungeon.
You worshipped Ru.
Ru was aware of your devotion.
You were a tree.
You visited 1 branch of the dungeon, and saw 7 of its levels.

You collected 554 gold pieces.

Inventory:

Hand Weapons
 a - a +2 hunting sling (weapon)
 b - a +1 dagger of electrocution
 e - a +0 short sword
 f - a +0 whip
 g - a +2 whip of draining
 i - a +1 short sword of electrocution
Missiles
 d - 23 sling bullets
 k - 45 stones
 t - 40 poisoned darts (quivered)
 H - 3 silver boomerangs
 I - 2 curare-tipped darts
Armour
 c - a +0 leather armour
 h - a scarf of harm
 n - a +0 cloak
 s - a +0 scale mail (melded)
 v - a +0 ring mail
 z - a +2 helmet (melded)
 E - a +0 pair of gloves (melded)
Jewellery
 m - a cursed amulet of inaccuracy {unknown}
 A - a cursed ring of attention {unknown}
Wands
 y - a wand of iceblast (12)
 G - a wand of enslavement (5)
Scrolls
 B - a scroll of noise {unknown}
 C - a scroll of blinking {unknown}
Potions
 j - a potion of cancellation
 o - 4 potions of lignification
 u - 2 potions of brilliance
 x - a potion of heal wounds {unknown}
 D - a potion of berserk rage {unknown}
 F - a potion of haste


   Skills:
 + Level 3.8 Fighting
 - Level 4.1 Short Blades
 * Level 11.9 Slings
 + Level 3.8 Armour
 - Level 4.0 Dodging
 + Level 6.4 Stealth


You had 8 spell levels left.
You didn't know any spells.
Your spell library was empty.

Dungeon Overview and Level Annotations

Branches:
Dungeon (7/15)             Temple (0/1) D:7

Altars:
Ru
Trog
Yredelemnul

Shops:
D:4 :   D:7 *

Annotations:
D:7 Maggie


Innate Abilities, Weirdness & Mutations

You are small and have problems with some larger weapons.
You are somewhat resistant to further mutation.
You are hated by all.


Message History

The poisoned dart barely misses the killer bee.
The centaur hits you.
* * * LOW HITPOINT WARNING * * *
The killer bee stings you.
* * * LOW HITPOINT WARNING * * *
The killer bee barely misses you.
The centaur hits you but does no damage.
It was a potion of invisibility.
You fade into invisibility!
You feel sick.
The killer bee stings you but does no damage. x3
The killer bee stings you.
* * * LOW HITPOINT WARNING * * *
The centaur is stunned by your will and fails to attack.
You are very lightly contaminated with residual magic.
It was a potion of stabbing.
You feel ready to backstab.
The killer bee stings you but does no damage. x2
The centaur hits you.
You die...

#.# #.#).....# #.# ##.#......#
#.# #.........# #.# #.#.......#
#^# #.#.......###### #.#
#.#.......#(...+ #.#
#.#....>..#....# #.#
#.#.......#yc..# #.#
#.#.......#♣yy.#
#.###.........######
#.##...#.####..###.#
#.#................#
#.#......#.......###
#.#.#...#.........##
#.#.#.###.......#..##########
#.#.#..<.[......##..........# ##
#.#...##.#.....###..........###.


You could see a centaur and 3 killer bees.

Vanquished Creatures
  Edmund (D:3)
  Menkaure (D:6)
  Duvessa (D:6)
  A phantom (D:5)
  A centaur (D:4)
  A bullfrog (D:6)
  Dowan (D:6)
  2 killer bees (D:7)
  5 wights (D:6)
  2 howler monkeys
  2 centaur zombies (D:6)
  2 hounds (D:4)
  Crazy Yiuf (D:6)
  4 orc priests
  A gnoll shaman (D:5)
  5 iguanas
  Terence (D:3)
  3 orc wizards
  A worker ant (D:6)
  A hound skeleton (D:4)
  A howler monkey zombie (D:5)
  7 adders
  9 gnolls
  3 white imps
  2 ufetubi (D:5)
  An ooze (D:6)
  2 worms (D:4)
  5 leopard geckos
  23 orcs
  A ball python (D:2)
  4 giant cockroaches
  9 goblins
  3 hobgoblins (D:2)
  13 jackals
  4 quokkas
  6 bats
  5 frilled lizards
  A jackal skeleton (D:6)
  6 kobolds
  A quokka skeleton (D:6)
  5 rats
148 creatures vanquished.

Vanquished Creatures (collateral kills)
  An orc warrior (D:6)
  An orc (D:6)
2 creatures vanquished.

Grand Total: 150 creatures vanquished

Notes
Turn   | Place    | Note
-------+----------+-------------------------------------------
     0 | D:1      | oblongTree the Halfling Hunter began the quest for the Orb.
     0 | D:1      | Reached XP level 1. HP: 14/14 MP: 1/1
   336 | D:1      | Reached skill level 6 in Slings
   560 | D:1      | Reached XP level 2. HP: 19/19 MP: 2/2
   716 | D:1      | You fall into a shaft and drop 1 floor!
   739 | D:2      | Reached skill level 1 in Short Blades
  1064 | D:2      | Reached XP level 3. HP: 15/24 MP: 3/3
  2539 | D:3      | Noticed Terence
  2944 | D:3      | Reached XP level 4. HP: 21/29 MP: 4/4
  3350 | D:2      | Reached skill level 7 in Slings
  3827 | D:3      | Reached XP level 5. HP: 28/34 MP: 5/5
  4044 | D:3      | Killed Terence
  4310 | D:4      | Found Wyskeosu's Book Shop.
  4915 | D:4      | Noticed Edmund
  4972 | D:3      | Killed Edmund
  4972 | D:3      | Reached skill level 8 in Slings
  4972 | D:3      | Reached XP level 6. HP: 23/39 MP: 6/6
  6264 | D:4      | Reached XP level 7. HP: 33/45 MP: 7/7
  6384 | D:4      | Reached skill level 9 in Slings
  6907 | D:5      | Entered Level 5 of the Dungeon
  7054 | D:5      | Found a bloodstained altar of Trog.
  8075 | D:4      | Reached skill level 1 in Armour
  8075 | D:4      | Reached XP level 8. HP: 49/50 MP: 8/8
  8254 | D:5      | Reached skill level 10 in Slings
  8889 | D:5      | Found a sacrificial altar of Ru.
  8959 | D:5      | Became a worshipper of Ru the Awakened
  9147 | D:5      | Reached skill level 5 in Stealth
  9674 | D:6      | Noticed Menkaure
  9827 | D:6      | Found a bloodstained altar of Trog.
 10024 | D:6      | Noticed Dowan
 10025 | D:6      | Noticed Duvessa
 10162 | D:6      | Found a runed translucent door.
 10163 | D:6      | Noticed Crazy Yiuf
 10189 | D:6      | Paralysed by Crazy Yiuf for 7 turns
 10203 | D:6      | Killed Crazy Yiuf
 10866 | D:5      | Reached skill level 11 in Slings
 11010 | D:7      | Found Qulumuer's General Store.
 11110 | D:6      | Killed Duvessa
 11110 | D:6      | Reached XP level 9. HP: 56/56 MP: 9/9
 11119 | D:6      | Killed Dowan
 11341 | D:6      | Gained mutation: You are hated by all. [Ru sacrifice]
 11341 | D:6      | Reached * piety under Ru
 11639 | D:6      | Killed Menkaure
 11811 | D:7      | Found a staircase to the Ecumenical Temple.
 11814 | D:7      | Noticed Maggie
 11831 | D:7      | Found a basalt altar of Yredelemnul.
 11855 | D:6      | HP: 4/87 [poisoned by a killer bee]
 11855 | D:6      | HP: 1/87 [killer bee (3)]
 11856 | D:6      | Slain by a centaur

Illustrated notes

Levels and vault maps discovered:
D:1:      moated_graveyard_arrival, layout_basic
D:2:      layout_basic, serial_corexii_hall, corexii_hall_statues_u,
          corexii_hall_statues_s, serial_park_tiny_2
D:3:      layout_loops_ring, uniq_terence
D:4:      minmay_polygon_palace, layout_basic, serial_shops,
          nicolae_shop_statue_plus, hangedman_decor_clover_reticule, uniq_edmund
D:5:      layout_layer_cave, overflow_temple_1_default,
          nicolae_ru_great_annihilating_truth
D:6:      minmay_klotski, layout_rooms, trog_butcher_becter,
          uniq_crazy_yiuf_cottage, uniq_duvessa, uniq_menkaure
D:7:      lemuel_ratsnest, layout_rooms, nicolae_overflow_hidden_temple,
          minmay_temple_entry_slanted, serial_shops, nicolae_shop_behind_doors,
          nicolae_shop_statue_plus, nicolae_shop_stone,
          ebering_ghost_inner_flame, uniq_maggie

Skill      XL: |  1  2  3  4  5  6  7  8  9 |
---------------+----------------------------+-----
Slings         | 6 7 8 9 11 | 11.9
Short Blades   | 1 2 3 4 |  4.1
Stealth        | 2 3 4 5 6 |  6.4
Fighting       | 2 3 |  3.8
Armour         | 1 2 3 |  3.8
Dodging        | 3 4 |  4.0

Action                   |  1- 3 |  4- 6 |  7- 9 || total
-------------------------+-------+-------+-------++-------
Melee: Dagger            |   181 |   190 |    23 ||   394
 Fire: Hunting sling     |     2 |    72 |   450 ||   524
Throw: Dart              |       |     5 |    11 ||    16
       Boomerang         |       |       |    24 ||    24
Invok: Sacrifice Love    |       |       |     1 ||     1
Evoke: Wand              |       |       |     8 ||     8
  Use: Scroll            |       |     6 |     7 ||    13
       Potion            |       |     2 |     3 ||     5
 Stab: Sleeping          |     2 |       |       ||     2
Armor: Leather armour    |    28 |       |       ||    28
       Scale mail        |     9 |    55 |    77 ||   141
       Skin              |       |       |    13 ||    13
Dodge: Dodged            |   126 |   105 |   171 ||   402

Table legend: (Time is in decaauts)
 A = Elapsed time spent in this place.
 B = Non-inter-level travel time spent in this place.
 C = Inter-level travel time spent in this place.
 D = Time resting spent in this place.
 E = Time spent auto-exploring this place.
 F = Levels seen in this place.
 G = Mean time per level.
                   A        B        C        D        E       F      G
               +--------+--------+--------+--------+--------+-----+--------+
         Total |  11665 |  10510 |   1155 |   3052 |   4588 |   7 | 1666.4 |
       Dungeon |  11665 |  10510 |   1155 |   3052 |   4588 |   7 | 1666.4 |
               +--------+--------+--------+--------+--------+-----+--------+

Top non-repeatable levels by time:
     D:3: 2590 daAuts
     D:5: 2336 daAuts
     D:2: 2066 daAuts
     D:4: 1856 daAuts
     D:6: 1569 daAuts
     D:1: 1200 daAuts
     D:7: 46 daAuts
